 Dungeon Crawl Stone Soup version 0.17-a0-1850-g688e747 (webtiles) character file.

27 enrike the Charmwright (level 2, 0/19 HPs)
             Began as a High Elf Skald on Sept 18, 2015.
             Slain by Jessica
             ... wielding a +0 dagger
              (2 damage)
             ... on level 2 of the Dungeon.
             The game lasted 00:08:48 (1758 turns).

enrike the Charmwright (High Elf Skald)             Turns: 1758, Time: 00:08:49

Health: 0/19       AC:  5    Str: 13    XL:     2   Next: 93%
Magic:  6/6        EV: 11    Int: 15    God:
Gold:   92         SH:  0    Dex: 17    Spells: 1 memorised, 4 levels left

rFire  . . .     SeeInvis .     a - +0 short sword
rCold  . . .     Clarity  .     j - +0 ring mail
rNeg   . . .     SustAt   .     (no shield)
rPois  .         Gourm    .     (no helmet)
rElec  .         Spirit   .     (no cloak)
rCorr  .         Warding  .     (no gloves)
rMut   .         Stasis   .     (no boots)
MR     .....                    (no amulet)
Stlth  +.........               e - +2 ring of strength
                                k - +3 ring of dexterity

@: not resistant to hostile enchantments, very unstealthy
A: no striking features
a: no special abilities


You were on level 2 of the Dungeon.
You were not hungry.

You visited 1 branch of the dungeon, and saw 2 of its levels.

You collected 92 gold pieces.

Inventory:

Hand weapons
 a - a +0 short sword (weapon)
 i - a cursed +0 club
Armour
 b - a +0 leather armour
 j - a +0 ring mail (worn)
Jewellery
 e - a +2 ring of strength (right hand)
 k - a +3 ring of dexterity (left hand)
Scrolls
 f - a scroll of identify
 l - 2 scrolls of noise
Books
 c - a book of Battle

   Spells                             Type                      Level
   a - Infusion                       Charms                       1
   b - Shroud of Golubria             Charms/Translocation         2
   c - Song of Slaying                Charms                       2
   d - Spectral Weapon                Hexes/Charms                 3
   e - Regeneration                   Charms/Necromancy            3
Comestibles
 g - a royal jelly


   Skills:
 + Level 2.1 Fighting
 + Level 2.8 Short Blades
 + Level 1.2 Armour
 + Level 1.3 Dodging
 + Level 2.4 Spellcasting
 + Level 4.3 Charms


You had 4 spell levels left.
You knew the following spells:

 Your Spells              Type           Power        Failure   Level  Hunger
a - Infusion              Chrm           ##....       10%         1    #......


Dungeon Overview and Level Annotations

Branches:
Dungeon (2/15)

Altars:

Annotations:
D:2 Jessica


Message History

Jessica gestures wildly while chanting.
Jessica seems to speed up.
The rat bites you but does no damage. Jessica barely misses you.
Jessica closely misses you.
You hit the rat.
You kill the rat!
Jessica closely misses you. Jessica misses you. Jessica barely misses you.
Jessica gestures at you while chanting. Pain shoots through your body!
Ouch! That really hurt!
* * * LOW HITPOINT WARNING * * *
Jessica hits you but does no damage. Jessica barely misses you.
Jessica casts a spell at you. You resist with some effort.
You hit Jessica but do no damage.
Jessica is moderately wounded.
Jessica shouts, "You're disturbing me!
I'll have to kill you!" Jessica closely misses you.
Jessica hits you with a dagger.
You die...

##### ....# ##########
....# ...........
....###### ..........
.........# ..........
....####.# # #.........
...†..<#.#.# #.........
......<#.#.#####(..).....
.............>##@........
.......#.####...@........
###.##.#.....†..........#
#.##.#####............#
#.##..................#
#.########............#
#............#
##.$.........#
#.....♣..♣♣.#


You could see Jessica.

Vanquished Creatures
  An adder (D:2)
  An ooze (D:1)
  3 giant cockroaches (D:2)
  A bat (D:2)
  2 giant newts (D:1)
  4 goblins
  A kobold (D:1)
  5 rats
18 creatures vanquished.

Notes
Turn   | Place    | Note
--------------------------------------------------------------
     0 | D:1      | enrike the High Elf Skald began the quest for the Orb.
     0 | D:1      | Reached XP level 1. HP: 14/14 MP: 4/4
   273 | D:1      | Reached skill level 1 in Armour
   861 | D:1      | Reached skill level 4 in Charms
   861 | D:1      | Reached XP level 2. HP: 12/19 MP: 6/6
  1718 | D:2      | Noticed Jessica
  1758 | D:2      | Slain by Jessica

Vault maps used:
D:1:      nagdon_arrival_zigzag_paths, corexii_leaking_fountain
D:2:      serial_forest, infiniplex_forest_straight_2,
          infiniplex_forest_lined_room_2, infiniplex_forest_corner_1,
          infiniplex_forest_end_3, infiniplex_forest_end_2,
          infiniplex_forest_clump_cross, infiniplex_forest_clump_tiny,
          uniq_jessica

Action                   || total
-------------------------++-------
Melee: Short sword       ||    73
  Use: Scroll            ||     4
  Eat: Bread ration      ||     1
